 Dungeon Crawl Stone Soup version 0.28-a0-643-g84cb2ea78e (webtiles) character file.

Game seed: 2916019682320165268

4 Rocko1345 the Grave Robber (level 1, 0/14 HPs)
             Began as a Ghoul Necromancer on Oct 10, 2021.
             Slain by a gnoll (5 damage)
             ... on level 1 of the Dungeon.
             The game lasted 00:01:09 (224 turns).

Rocko1345 the Grave Robber (Ghoul Necromancer)       Turns: 224, Time: 00:01:10

Health: 0/14       AC:  2    Str: 11    XL:     1   Next: 60%
Magic:  2/2        EV: 12    Int: 10    God:
Gold:   0          SH:  0    Dex:  9    Spells: 2/3 levels left

rFire   . . .      SeeInvis .   b - +0 whip
rCold   + . .      Faith    .   (no shield)
rNeg    + + +      Spirit   .   a - +0 robe
rPois   ∞          Reflect  .   (no helmet)
rElec   .          Harm     .   (no cloak)
rCorr   .          Rampage  .   (no gloves)
Will    .....                   (no boots)
Stlth   ++........              (no amulet)
HPRegen 0.00/turn               (no ring)
MPRegen 0.08/turn               (no ring)

@: inhibited regen
A: claws 1, cold resistance 1, negative energy resistance 3, inhibited
regeneration, torment resistance 2
a: no special abilities


You were on level 1 of the Dungeon.
You visited 1 branch of the dungeon, and saw 1 of its levels.

Inventory:

Hand Weapons
 b - a +0 whip (weapon)
Armour
 a - a +0 robe (worn)


   Skills:
 + Level 1.7 Dodging
 + Level 2.2 Stealth
 + Level 1.9 Spellcasting
 + Level 4.0 Necromancy


You had 2 spell levels left.
You knew the following spells:

 Your Spells              Type           Power      Damage    Failure   Level
a - Pain                  Necr           36%        1d5       6%          1

Your spell library contained the following spells:

 Spells                   Type           Power      Damage    Failure   Level
 Animate Skeleton         Necr           18%        N/A       6%          1
 Vampiric Draining        Necr           4%         2d6       19%         3
 Animate Dead             Necr           4%         N/A       52%         4
 Agony                    Necr           9%         N/A       86%         5


Dungeon Overview and Level Annotations

Branches:
Dungeon (1/15)

Altars:


Innate Abilities, Weirdness & Mutations

You thrive by killing the living.
You are immune to poison.
You have sharp fingernails.
Your flesh is cold resistant. (rC+)
You are immune to negative energy. (rN+++)
You do not regenerate when monsters are visible.
You are immune to unholy pain and torment.


Message History

You are frozen.
You resist.
You scratch the endoplasm.
The endoplasm is heavily wounded.
The endoplasm freezes you.
You are frozen.
You resist.
You scratch the endoplasm.
You kill the endoplasm!
You feel better.
A kobold comes into view. It is wielding a +0 dagger.
Casting: Pain (safe; 6% risk of failure)
Confirm with . or Enter, or press ? or * to list all spells.
Aiming: Pain (safe; 6% risk of failure)
Press: ? - help, Shift-Dir - straight line, f - kobold
Aim: a kobold, wielding a +0 dagger (chance to affect: 76%)
The kobold writhes in agony.
You scratch the kobold.
You kill the kobold!
You feel better.
You see here a +0 dagger.
You start resting.
Magic restored.
You start resting.
HP restored.
You see here a +0 dagger.
A rat comes into view.
You see here a +0 leather armour.
You see here a +0 whip.
b - a +0 whip
b - a +0 whip (weapon)
You hit the rat.
You kill the rat!
Things that are here:
a +0 leather armour; a rat corpse A gnoll comes into view.
It is wielding a +0 club.
The gnoll shouts!
The gnoll hits you with a +0 club.
You barely miss the gnoll. The gnoll hits you with a +0 club.
A ball python comes into view.
The gnoll hits you with a +0 club.
You die...

### ### #.S #.#
#.# #.# #.#
#####.######g#
#..........@.#
#......[....##
###...........#
.......[......#
###...........#
#...........#
#.............
#......##...##.
##......###...


You could see a gnoll and a ball python (wandering).

Vanquished Creatures
  An endoplasm (D:1)
  A kobold (D:1)
  A frilled lizard (D:1)
  A rat (D:1)
4 creatures vanquished.

Notes
Turn   | Place    | Note
-------+----------+-------------------------------------------
     0 | D:1      | Rocko1345 the Ghoul Necromancer began the quest for the
                  | Orb.
     0 | D:1      | Reached XP level 1. HP: 14/14 MP: 2/2
   224 | D:1      | Slain by a gnoll

Illustrated notes

Levels and vault maps discovered:
D:1:      onia_arrival_pyramid, layout_rooms, shapermc_ecumenical_altar_petra,
          serial_shops, nicolae_shop_overgrown_old_shop

Action                   || total
-------------------------++-------
Melee: Unarmed           ||     9
       Whip              ||     2
 Cast: Pain              ||     3
Armor: Robe              ||     2
Dodge: Dodged            ||     1

Table legend: (Time is in decaauts)
 A = Elapsed time spent in this place.
 B = Non-inter-level travel time spent in this place.
 C = Inter-level travel time spent in this place.
 D = Time resting spent in this place.
 E = Time spent auto-exploring this place.
 F = Levels seen in this place.
 G = Mean time per level.
                   A        B        C        D        E       F      G
               +--------+--------+--------+--------+--------+-----+--------+
         Total |    223 |    223 |      0 |    156 |      0 |   1 |  223.0 |
       Dungeon |    223 |    223 |      0 |    156 |      0 |   1 |  223.0 |
               +--------+--------+--------+--------+--------+-----+--------+

Top non-repeatable levels by time:
     D:1: 223 daAuts
